[Event "Croatian Championship 2022"]
[Site "Split"]
[Date "2022.12.02"]
[Round "4.4"]
[White "Zelcic, Robert"]
[Black "Saric, Ante"]
[Result "0-1"]
[ECO "C43"]
[WhiteElo "2496"]
[BlackElo "2504"]
[Annotator "TA"]
[PlyCount "80"]
[EventDate "2022.11.29"]
[EventType "tourn"]
[EventCountry "CRO"]
[SourceTitle "playchess.com"]
[Source "ChessBase"]
[SourceQuality "1"]
[TimeControl "40/5400+30:1800+30"]

1. e4 e5 2. Nf3 Nf6 3. d4 Nxe4 4. Bd3 Nc6 5. Nxe5 Nxe5 6. dxe5 {[%emt 0:00:02] C43: Petroff Defence: 3 d4.} (6. Bxe4 {simplifies} d5 7. dxe5 dxe4 8. Qxd8+ Kxd8 9. Nc3) 6... Nc5 $1 {[%emt 0:00:10] 6...Nc5 is better than 6...d5.} (6... d5 7. O-O Nc5 8. Be2 Be7 9. Be3 O-O 10. f4 c6 11. Nc3 f6 12. exf6 Rxf6 13. Kh1 Bf5 14. g4 Be4+ 15. Nxe4 Nxe4 16. Bd3 {1-0 (36) Zelcic,R (2558)-Saric,A (2528) Opatija 2012 CBM 147 [Let's Check Training]}) 7. Bc4 d6 8. Be3 {[%emt 0:03:58] White has an edge.} (8. Qf3 $5 Ne6 9. exd6 $11) 8... Be6 9. Bxe6 Nxe6 {[%emt 0:00:30] [#]} 10. Qf3 $146 ({Predecessor:} 10. exd6 Bxd6 11. Qf3 Qh4 12. Nd2 O-O 13. O-O-O Qa4 14. Kb1 Qb5 15. Nb3 b6 16. Rd5 {0-1 (37) Swinkels,R (2523)-Pruijssers,R (2570) Rotterdam 2021}) 10... c6 11. exd6 $1 Bxd6 12. Nd2 Qa5 13. c3 Qa6 {[%emt 0:01:43] Against Nc4} 14. g3 O-O 15. Qe2 Qxe2+ 16. Kxe2 f5 17. f4 Rfe8 18. Kf3 Bc7 19. Rad1 Rad8 20. a4 Kf7 21. Nc4 b6 22. b4 Ke7 23. h4 (23. Ke2 {simplifies} Rxd1 24. Rxd1 Rd8 25. Ra1) 23... h5 24. a5 (24. Ke2 {simplifies} Rxd1 25. Rxd1 Rd8 26. Rb1) 24... b5 25. Ne5 (25. Nb2 $5 ) 25... Bxe5 26. fxe5 a6 27. Bb6 Rd5 28. Rxd5 cxd5 $11 {[%emt 0:00:00][%mdl 4096] Endgame KRB-KRN} 29. Rd1 Rc8 30. Rd3 Rc4 31. Rxd5 {[%emt 0:09:39] Black must now prevent Bc5+.} Rxc3+ 32. Be3 g5 33. hxg5 $2 {[%emt 0:00:24] [#]} (33. Ke2 $11 {and White is okay.}) 33... Nxg5+ $19 34. Ke2 Ne4 35. Kf3 Rb3 ({Inferior is} 35... Ke6 36. Rd8 $17) 36. Kf4 (36. Rd4 {might work better.}) 36... Rxb4 {[%emt 0:00:41] [#] And now ...Nc3+ would win.} 37. Kxf5 $2 (37. Rd1) 37... Nxg3+ 38. Kg6 Rg4+ 39. Kh7 Nf5 40. Ba7 Ke6 {[%emt 0:00:00] Weighted Error Value: White=0.49/Black=0.04 (flawless)} 0-1

[Event "Croatian Championship 2022"]
[Site "Split"]
[Date "2022.12.02"]
[Round "4.5"]
[White "Bukal, Vladimir Jr."]
[Black "Doric, Darko"]
[Result "1/2-1/2"]
[ECO "A07"]
[WhiteElo "2411"]
[BlackElo "2446"]
[Annotator "TA"]
[PlyCount "76"]
[EventDate "2022.11.29"]
[EventType "tourn"]
[EventCountry "CRO"]
[SourceTitle "playchess.com"]
[Source "ChessBase"]
[SourceQuality "1"]
[TimeControl "40/5400+30:1800+30"]

1. Nf3 d5 2. g3 c6 3. Bg2 Nf6 4. O-O Bg4 5. h3 Bxf3 6. Bxf3 Nbd7 {[%emt 0:00:19] A07: Réti Opening: New York and Capablanca Systems.} 7. d3 e5 8. Nd2 Be7 9. e4 dxe4 10. dxe4 O-O 11. Nc4 Qc7 12. a4 {[%emt 0:02:26] [#]} a5 $146 ({Predecessor:} 12... b6 13. b3 Rfe8 14. Bb2 Bf8 15. Qe2 a5 16. Rfd1 Nc5 17. Bc3 Nfd7 18. Kg2 Ne6 {1-0 (32) Profumo,A (2240)-Lapiccirella,D (2086) Milan 2003}) 13. Bd2 Rfe8 14. Qe1 b6 15. Bc3 Bf8 16. b3 $36 {[%emt 0:05:36][%mdl 2048] White is pushing.} Nc5 17. Kg2 Na6 18. Qe2 Nb4 19. Bb2 Nd7 20. h4 Nc5 21. Bg4 Rab8 22. Rfd1 g6 23. h5 Bg7 24. f3 (24. c3 $142 Nba6 25. Bc1) 24... Red8 25. Bc1 (25. h6 $16 Bh8 26. Bc3) 25... Rxd1 $11 26. Qxd1 b5 {[%emt 0:00:24] And now ...gxh5 would win.} 27. Nb2 gxh5 (27... f5 $11 28. exf5 gxf5 29. Bxf5 Rf8) 28. Bf5 (28. Bxh5 $16 Ne6 29. c3) 28... Ne6 (28... Qd8 $11 29. Be3 Ne6) 29. c3 {[%emt 0:02:30] aiming for Bxe6.} Na6 30. Be3 {[%emt 0:01:22] This pair of bishops is nice.} (30. Bxe6 $1 $16 {Hoping for Bf5.} fxe6 31. b4) 30... Nac5 31. Qh1 Nxb3 32. Rf1 Nf8 (32... b4 $5 ) 33. Qxh5 Qd6 {[%emt 0:01:07] [#]} (33... Rd8 $14) 34. Rh1 {[%emt 0:00:28] White is more active.} ({White should play} 34. Rd1 $1 $16 Qe7 35. axb5 cxb5 36. Rh1) 34... h6 $1 (34... Qa3 $2 35. Bxh7+ Nxh7 36. Qxh7+ Kf8 37. Nd3 $18) 35. Rh4 {[%emt 0:00:19][%mdl 1024] White has compensation.} (35. Bxh6 $2 {perishes.} Bxh6 36. Qxh6 Qxh6 37. Rxh6 Rd8 $19) 35... Ng6 {[%emt 0:00:41] [#]} (35... Ne6 $11 {remains equal.}) 36. Rg4 $1 $16 Kh7 (36... Qa3 37. Nd3 Qf8 38. Bxg6 fxg6 39. Rxg6 $18) 37. Rh4 Kg8 38. Rg4 Kh7 $1 {[%emt 0:00:05] Weighted Error Value: White=0.25 (precise) /Black=0.21 (precise)} (38... Qa3 $2 39. Bxg6 Qxb2+ 40. Kh3 $18) 1/2-1/2

[Event "Croatian Championship 2022"]
[Site "Split"]
[Date "2022.12.02"]
[Round "4.6"]
[White "Bosiocic, Marin"]
[Black "Kozul, Zdenko"]
[Result "1-0"]
[ECO "D78"]
[WhiteElo "2536"]
[BlackElo "2539"]
[Annotator "TA"]
[PlyCount "121"]
[EventDate "2022.11.29"]
[EventType "tourn"]
[EventCountry "CRO"]
[SourceTitle "playchess.com"]
[Source "ChessBase"]
[SourceQuality "1"]
[TimeControl "40/5400+30:1800+30"]

1. Nf3 Nf6 2. c4 g6 3. b3 Bg7 4. Bb2 O-O 5. g3 c6 6. Bg2 d5 7. O-O Bg4 8. d4 Qc8 {[%emt 0:04:44] D78: Fianchetto Grünfeld: 6 0-0 c6.} 9. Re1 Bh3 10. Bh1 Rd8 {[%emt 0:06:17] White has an edge.} 11. Nc3 h6 {[%emt 0:03:45] [#]} 12. cxd5 $146 ({Predecessor:} 12. Rc1 e6 13. Ne5 dxc4 14. bxc4 Nbd7 15. Nd3 Nb6 16. Nb1 Nh7 17. e3 g5 18. Nd2 {1-0 (55) Lehmann,H-Gereben,E Wijk aan Zee 1972}) 12... Nxd5 13. Rc1 Nxc3 14. Bxc3 e5 15. e3 e4 (15... Qe6 $11) 16. Nd2 $14 f5 $1 17. b4 Qe6 18. Qb3 Qxb3 19. Nxb3 Na6 20. a4 Bf8 21. Nc5 Nxc5 22. bxc5 b6 23. f3 Re8 24. cxb6 axb6 25. Bb2 Bb4 26. Re2 c5 (26... Rxa4 27. fxe4 (27. Rxc6 Rea8 $16) 27... fxe4 28. Rxc6 $16) 27. Ra1 Ra7 28. Kf2 (28. dxc5 $11 Bxc5 29. Bd4) 28... g5 (28... c4 $17) 29. Rc2 $11 g4 (29... Rd7 $11) 30. fxe4 $16 fxe4 31. Ke2 (31. Kg1 $14) 31... Rf7 $11 32. dxc5 bxc5 33. a5 Bxa5 34. Rxa5 $16 Bf1+ 35. Ke1 Bd3 36. Rcxc5 (36. Rf2 $16 {And now Rxf7 would win.} Rb8 37. Rxf7 (37. Rxc5 $2 Rxf2 38. Kxf2 Rxb2+ 39. Kg1 Rb1+ 40. Kg2 Re1 $19) 37... Kxf7 38. Bc1) 36... Rf1+ $11 37. Kd2 Rf2+ 38. Kc3 {[%emt 0:00:46] aiming for Ba3.} Rxh2 39. Ba1 {[%emt 0:01:35] Rh5 is the strong threat.} Rxh1 40. Kd4 Rd1 41. Kd5 Rf1 42. Be5 Rf5 43. Kd4 h5 44. Rd5 (44. Bc7 {simplifies} Rxc5 45. Rxc5 Rc8 46. Rg5+) 44... Rc8 45. Rd6 {[%emt 0:01:28][%mdl 1024] Hoping for Rh6. White has compensation.} Rg5 $2 {[%emt 0:02:08][%mdl 8192] White leaves nothing to chance now.} (45... Rc4+ $2 46. Kd5 Rc8 47. Rh6 $18) (45... Re8 $11) 46. Rh6 $18 Rd8+ {[%emt 0:03:23] [#]} 47. Kc3 $1 {[%emt 0:01:21] Rh8+ would kill now.} Rc8+ 48. Kb4 Kf8 {[%emt 0:00:48] [#]} (48... Rxe5 $142 49. Rxe5 Rc4+ 50. Kb3 Rc1) 49. Ra7 $1 {[%emt 0:06:12][%mdl 64] Intending Rh8+ and mate.} Bc4 50. Bf6 Rg8 51. Bd4 Rg5 {[%emt 0:00:00] Against Bc5+} 52. Bf6 (52. Rh8+ Bg8 $16) 52... Rg8 (52... Rb5+ 53. Ka4) 53. Rxh5 Rg6 54. Bd4 {[%emt 0:00:27] Threatens to win with Bc5+.} Be6 55. Rh8+ Bg8 56. Bc5+ Ke8 57. Rh5 {[%emt 0:00:44] Against Rg5. White threatens Rf5 and mate.} Kd8 (57... Be6 $18 58. Rhh7 (58. Re5 Kd8 $16) 58... Rb8+ 59. Ka3 Bg8 60. Rhe7+ Kd8) 58. Be7+ ({Less strong is} 58. Rh8 Rb8+ 59. Kc3 Kc8 $16) 58... Ke8 {[%emt 0:00:00] [#]} 59. Rf5 $1 {[%emt 0:00:31][%csl Ge7][%cal Rf5f8] White mates.} Bf7 60. Bc5 Rb8+ 61. Ka5 {[%emt 0:00:29] Weighted Error Value: White=0.18 (very precise) /Black=0.37} 1-0

[Event "Croatian Championship 2022"]
[Site "Split"]
[Date "2022.12.03"]
[Round "5.1"]
[White "Kozul, Zdenko"]
[Black "Martinovic, Sasa"]
[Result "1/2-1/2"]
[ECO "D10"]
[WhiteElo "2539"]
[BlackElo "2557"]
[Annotator "TA"]
[PlyCount "121"]
[EventDate "2022.11.29"]
[EventType "tourn"]
[EventCountry "CRO"]
[SourceTitle "playchess.com"]
[Source "ChessBase"]
[SourceQuality "1"]
[TimeControl "40/5400+30:1800+30"]

1. d4 {[%emt 0:00:07] ChessBase II} d5 2. c4 c6 3. Nc3 Nf6 4. e3 Bf5 5. Qb3 Qb6 6. Qxb6 axb6 7. cxd5 Nxd5 $1 {[%emt 0:00:37] The main line 7...Nxd5 scores better than 7...cxd5. D10: Slav Defence: 3 cxd5 (without early Nf3) and 3 Nc3.} 8. Nxd5 cxd5 9. Ne2 {[%emt 0:00:51] [#]} Bd3 $146 ({Predecessor:} 9... Nc6 10. Nc3 e6 11. Bb5 Bb4 12. Bd2 Ra5 13. Be2 Kd7 14. a3 Raa8 15. f3 Bg6 {½-½ (34) Feller,S (2574)-Bailet,P (2501) Brest 2018 EXT 2019 [ChessBase II]}) 10. Nc3 Bxf1 11. Kxf1 e6 12. Ke2 Nc6 13. Bd2 h5 14. a3 Kd7 15. Kd3 Be7 16. f3 f5 17. h4 Bf6 18. Ne2 e5 19. Bc3 Rac8 20. dxe5 Nxe5+ 21. Bxe5 Bxe5 22. Nd4 Bxd4 (22... f4 {seems wilder.} 23. exf4 Bxf4 24. Rae1 Rhe8) 23. exd4 $11 {[%emt 0:00:53][%mdl 4096] Endgame KRR-KRR} Rhe8 24. Rae1 Kd6 25. a4 Ra8 (25... g6 {simplifies} 26. Rxe8 Rxe8 27. g3 Ra8) 26. b3 (26. Rxe8 {simplifies} Rxe8 27. g3 Kc6 28. Rg1) 26... Rac8 27. Rhg1 g6 28. g3 Re6 (28... Rb8 $14) 29. Rxe6+ $16 Kxe6 {[%emt 0:00:03] KR-KR} 30. Re1+ (30. f4 $16) 30... Kd6 (30... Kd7 $1 $14) 31. Kd2 ({White should try} 31. f4 $1 $16) 31... Kd7 (31... Ra8 $14) 32. Re2 (32. f4 $16) 32... Kd6 $14 33. Re5 Ra8 34. Ke3 b5 $1 35. axb5 {[%emt 0:00:05] Black must now prevent Kf4.} Ra5 36. Re8 {[%emt 0:00:29] Threatens to win with Rg8.} Rxb5 37. Rg8 Rxb3+ 38. Kf4 b5 39. Rxg6+ Kc7 40. Rg5 b4 ({Black should play} 40... Rd3 $14) 41. Rxf5 $16 Kc6 42. Rxh5 Rd3 43. Rh8 $1 Kc7 $2 (43... Rxd4+ $16 44. Ke5 Rd2) 44. Ra8 {[%emt 0:02:07] And now h5 would win.} Rxd4+ 45. Ke3 (45. Kg5 $1 $18 {h5 is the strong threat.} b3 46. Ra1) 45... Rd1 $2 {[%emt 0:11:30] [#]} (45... Rc4 $16 46. h5 b3) 46. Ra2 $1 $18 Kd6 47. g4 (47. h5 $18 {and White stays clearly on top.}) 47... Kc5 $2 (47... d4+ $16 {is a better chance.} 48. Kf4 Rh1) 48. Rc2+ Kb5 (48... Kd6 $142 49. Rh2 Re1+ 50. Kf4 Re8) 49. Rh2 b3 50. h5 d4+ {[%emt 0:08:15] [#]} 51. Kf4 $1 {[%emt 0:00:16] Hoping for h6.} ({Not} 51. Ke4 d3 52. Ke3 Kc4 $11) 51... d3 52. h6 {[%emt 0:00:15] h7 would kill now.} ({Inferior is} 52. Ke3 Kc4 53. h6 Re1+ 54. Kf4 Re2 $11) 52... Kc4 53. h7 b2 54. Rxb2 (54. h8=R $2 {is the wrong capture.} b1=Q 55. Rc8+ Kd5 56. Rd8+ Kc6 57. Rh6+ Kc7 $19) (54. h8=Q $18 b1=Q 55. Qc8+ Kd4 56. Qd7+ Kc4 57. Qc6+ Kb4 58. Qd6+ Kc3 59. Qc5+ Kb3 60. Qb6+ Kc3 61. Qc7+ Kb3 62. Qb7+ Kc3 63. Qg7+ Kc4 64. Qc7+ Kb3 65. Qb7+ Kc3 66. Qc8+ Kb4 67. Qb8+ Kc3 68. Qe5+ Kb3 69. Qd5+ Kc3 70. Qe5+ Kb3 71. Qd5+ Kc3 72. Qe5+) 54... Rh1 $11 {[%emt 0:00:02] The position is equal.} 55. g5 {[%emt 0:03:58] Threatening mate with g6.} (55. Rb7 {keeps more tension.} d2 56. Rd7 Kc3 57. Ke3) 55... Rxh7 56. g6 Rd7 57. Rg2 {[%emt 0:02:35] White wants to mate with g7.} d2 58. Rxd2 Rxd2 59. Ke5 Rg2 60. Kf6 Rf2 61. g7 {[%emt 0:05:29] Black escapes into a draw.   Weighted Error Value: White=0.33/Black=0.36} 1/2-1/2

[Event "Croatian Championship 2022"]
[Site "Split"]
[Date "2022.12.03"]
[Round "5.3"]
[White "Saric, Ante"]
[Black "Bukal, Vladimir Jr."]
[Result "1-0"]
[ECO "E10"]
[WhiteElo "2504"]
[BlackElo "2411"]
[Annotator "TA"]
[PlyCount "79"]
[EventDate "2022.11.29"]
[EventType "tourn"]
[EventCountry "CRO"]
[SourceTitle "playchess.com"]
[Source "ChessBase"]
[SourceQuality "1"]
[TimeControl "40/5400+30:1800+30"]

1. Nf3 e6 2. c4 a6 3. d4 Nf6 4. Bf4 d5 5. e3 c5 6. Nc3 {[%emt 0:02:24] E10: Blumenfeld Gambit.} dxc4 7. dxc5 {[%emt 0:16:42] Hoping for Qxd8+.} Qxd1+ 8. Rxd1 {[%emt 0:00:14] The position is equal.} Bxc5 9. Bxc4 b5 10. Be2 Bb7 {[%emt 0:01:38] [#]} 11. Ne5 $146 (11. a4 $5 ) ({Predecessor:} 11. O-O Nbd7 12. Rd2 Bb4 13. Rc2 h6 14. a3 Bxc3 15. Rxc3 Nd5 16. Rcc1 Nxf4 17. exf4 {½-½ (67) Duenas,A (1907)-Cirulis,I (1907) FICGS email 2016}) 11... Nbd7 12. Nd3 Be7 13. Bf3 {[%emt 0:04:54] Prevents b4.} Bxf3 14. gxf3 Rc8 15. Ke2 Nc5 16. Rhg1 Rg8 17. Be5 {[%emt 0:04:57] Threatens to win with Nxc5.} Ncd7 (17... Nxd3 $11 18. Rxd3 g5) 18. Bd4 {[%emt 0:01:00] White is more active.} g5 19. Rc1 g4 20. f4 Rg6 {[%emt 0:01:10] [#]} (20... Rb8 $16 {was worth a try.}) 21. Ne5 $2 (21. Nxb5 $1 $18 Rxc1 22. Rxc1 axb5 23. Rc8+ Bd8 24. Nb4) 21... Rh6 $2 {[%emt 0:01:53] [#]} (21... Nxe5 $11 {and Black stays safe.} 22. fxe5 Nd5) 22. Nxd7 $2 (22. Nxg4 Nxg4 23. Rxg4 b4 $17) (22. Nd5 $1 $18 Rxc1 23. Rxc1 exd5 24. Rc8+ Bd8 25. Nc6) 22... Kxd7 23. Rcd1 Ke8 24. Bxf6 Bxf6 25. Rxg4 {[%emt 0:00:10] Black must now prevent Rg8+.} Ke7 26. Rg2 Rh5 27. Rd3 Rhc5 28. Nd1 $1 Rc1 29. e4 R1c2+ 30. Rd2 $1 Rxd2+ 31. Kxd2 $11 {[%emt 0:00:01][%mdl 4096] Endgame KRB-KRN} Bd4 32. Rg3 Bb6 33. a3 ({Better is} 33. Ra3 $1 $14) 33... Rc4 34. f3 Bc7 35. Rg4 h5 36. Rh4 f5 (36... Kf6 $11) 37. Ne3 $16 (37. Rxh5 fxe4 38. Rh7+ Kd8 $11) 37... Ra4 {[%emt 0:00:41] [#]} (37... Rd4+ $142 38. Kc3 Rd8) 38. Kd3 $1 (38. Rxh5 $6 fxe4 39. f5 (39. Rh7+ Kd8 $11) 39... exf3 40. Rh7+ Kd6 $11) 38... Bb6 {[%emt 0:00:43] [#]} (38... fxe4+ $16 39. fxe4 Kf7) 39. Nc2 $1 $18 (39. Rxh5 fxe4+ 40. Ke2 (40. fxe4 Rd4+ 41. Ke2 Rxe4 $11) 40... exf3+ 41. Kxf3 Bxe3 42. Rh7+ (42. Kxe3 b4 $11) 42... Kf6 43. Kxe3 b4 $11) (39. exf5 $6 Bxe3 40. Kxe3 exf5 $16) 39... e5 $2 (39... Rc4 40. Rxh5 Bf2 41. Rh7+ (41. exf5 Rxf4 42. fxe6 Kxe6 $18) 41... Ke8) 40. b3 {[%emt 0:00:00] Weighted Error Value: White=0.18 (very precise) /Black=0.35} ({Less strong is} 40. exf5 Rxf4 41. Rxf4 (41. Rxh5 Bg1 $16) 41... exf4 $18) 1-0

[Event "Croatian Championship 2022"]
[Site "Split"]
[Date "2022.12.03"]
[Round "5.4"]
[White "Jovanovic, Zoran"]
[Black "Zelcic, Robert"]
[Result "1-0"]
[ECO "B18"]
[WhiteElo "2513"]
[BlackElo "2496"]
[Annotator "TA"]
[PlyCount "99"]
[EventDate "2022.11.29"]
[EventType "tourn"]
[EventCountry "CRO"]
[SourceTitle "playchess.com"]
[Source "ChessBase"]
[SourceQuality "1"]
[TimeControl "40/5400+30:1800+30"]

1. e4 c6 2. d4 d5 3. Nd2 dxe4 4. Nxe4 Bf5 5. Nc5 e5 6. Nxb7 {[%emt 0:01:01] B18: Classical Caro-Kann: 4...Bf5 sidelines.} Qb6 (6... Qxd4 7. Qxd4 exd4 8. Nf3 $16) 7. Nc5 Bxc5 8. dxc5 {[%emt 0:00:09] The position is equal.} Qxc5 9. c3 Nf6 10. Bd3 Bxd3 11. Qxd3 O-O {[%emt 0:02:04] [#]} 12. Ne2 $146 ({Predecessor:} 12. Be3 Qe7 13. Ne2 Nbd7 14. O-O Nd5 15. Ng3 Nxe3 16. fxe3 g6 17. Rad1 Nb6 18. Ne4 {½-½ (37) Maksimovic,B (2451)-Maly,A (2368) Chess.com INT 2021}) 12... Qd5 13. Qxd5 cxd5 14. Bg5 Ne4 15. Be3 Na6 16. O-O-O Nc7 17. Ng3 Nxg3 18. hxg3 Rfd8 19. Rd2 f6 20. Rh4 Rd6 21. Rb4 Ne6 22. f4 g5 {[%emt 0:07:43] [#]} (22... d4 $14) 23. fxe5 $1 $18 fxe5 24. Rb5 {[%emt 0:00:08] White is much more active.} Nc7 25. Rb7 Ne6 26. Rb5 $2 ({But not} 26. Bxa7 d4 $16) (26. Rxa7 $18 Rb8 27. Kb1) 26... Rad8 (26... Nc7 $1 $11 {and Black has nothing to worry.} 27. Rc5 Rd7) 27. Bxa7 d4 28. Rxe5 {[%emt 0:03:07] aiming for Bxd4.} dxc3 29. Rxd6 cxb2+ 30. Kxb2 Rxd6 {[%emt 0:00:04][%mdl 4096] Endgame KRB-KRN} 31. Be3 {[%emt 0:01:58] Against Rd2+} Kf7 32. Rb5 ({Much less strong is} 32. Bxg5 Rb6+ 33. Ka1 Nxg5 $16) 32... Rd3 33. Rb3 ({Weaker is} 33. Bxg5 Rxg3 34. Rb7+ Kg6 $11) 33... Rd5 34. a4 Ke7 35. Ra3 Kd7 $2 (35... Nc7 $16 {might work better.} 36. Kc2 Na6) 36. a5 Kc8 37. a6 {[%emt 0:00:10] Threatens to win with a7.} Kb8 38. Rc3 {[%emt 0:03:58] Against Nc5. Threatening mate with a7+.} Rd8 39. Rc6 {[%emt 0:00:27] Against h5. Black must now prevent Rb6+.} Re8 40. Bb6 h5 41. Rd6 ({White should try} 41. Ka3 $18) 41... h4 $16 42. gxh4 gxh4 43. Rd7 Rg8 44. Kb3 {[%emt 0:12:57] Hoping for Kc4.} Rc8 (44... Ng5 $16 45. Rb7+ Ka8 46. Ra7+ Kb8) 45. Kb4 $18 Nf4 46. Kb5 Nxg2 $2 {[%emt 0:00:27] [#]} (46... Ka8 $18 47. Ra7+ Kb8) 47. Bc5 $1 Ka8 48. Ra7+ Kb8 49. Rb7+ Ka8 50. Kb6 {[%emt 0:00:10] Weighted Error Value: White=0.08 (flawless) /Black=0.41} 1-0

[Event "Croatian Championship 2022"]
[Site "Split"]
[Date "2022.12.03"]
[Round "5.5"]
[White "Stevic, Hrvoje"]
[Black "Saric, Ivan"]
[Result "0-1"]
[ECO "B11"]
[WhiteElo "2543"]
[BlackElo "2674"]
[Annotator "TA"]
[PlyCount "82"]
[EventDate "2022.11.29"]
[EventType "tourn"]
[EventCountry "CRO"]
[SourceTitle "playchess.com"]
[Source "ChessBase"]
[SourceQuality "1"]
[TimeControl "40/5400+30:1800+30"]

1. e4 c6 2. Nf3 d5 3. Nc3 dxe4 4. Nxe4 Nf6 5. Qe2 Bf5 6. Nxf6+ {[%emt 0:03:13] B11: Caro-Kann: Two Knights Variation.} gxf6 7. d3 {[%emt 0:00:08] The main line 7.d3 scores better than 7.d4.} Nd7 8. g3 {[%emt 0:01:08][%cal Bg2g3,Bg3g4][%mdl 32] White has an edge.} Bg4 $5 {[%emt 0:13:48][%mdl 4] [#] Exploring less charted territory.} 9. h3 $146 ({Predecessor:} 9. d4 Qa5+ 10. Bd2 Qf5 11. Nh4 Bxe2 12. Nxf5 Bxf1 13. Rxf1 e6 14. Ne3 Nb6 15. c4 {½-½ (39) Puranik,A (2459)-Prohaszka,P (2596) Zalakaros 2017}) 9... Bxf3 10. Qxf3 Ne5 11. Qe4 e6 12. Bd2 Bg7 13. g4 Qb6 14. Bc3 O-O-O 15. Bg2 (15. Be2 {simplifies} c5 16. O-O-O Nc6 17. Qe3) 15... h5 16. g5 {[%emt 0:23:47] [#]} fxg5 17. O-O-O (17. Bxe5 Qa5+ 18. Bc3 Bxc3+ 19. bxc3 Qxc3+ 20. Ke2 Qxc2+ 21. Kf1 Qxd3+ 22. Qxd3 Rxd3 $17) 17... Rd5 18. Qe1 Rb5 19. a4 {[%emt 0:00:42] [#]} (19. b3 $11 {remains equal.}) 19... Rxb2 $3 $17 20. Bxb2 {[%emt 0:01:37] [#]} Nf3 21. Bxg7 (21. Bxf3 $2 {perishes.} Qxb2+ 22. Kd2 Bc3+ 23. Ke2 Bxe1 $19) 21... Nxe1 {[%emt 0:00:03] Really sharp!} 22. Rdxe1 Rg8 $40 {[%emt 0:00:36][%mdl 128] Black wants a kill.} 23. Be5 Qxf2 24. Be4 Qc5 ({Black should try} 24... f5 $17 25. Rhf1 Qh4) 25. Bf6 g4 26. Bh7 Re8 {[%emt 0:02:54] Hoping for ...Qf8.} 27. h4 $2 (27. hxg4 $11 {and White is okay.} hxg4 28. Be4) 27... Qf8 $1 $19 {[%emt 0:04:32] ...Qh6+ is the strong threat.} 28. Be4 Qh6+ $1 29. Bg5 Qh8 30. Kd2 f5 31. Bg2 e5 ({Wrong is} 31... Qd4 $2 32. Rhf1 $19) 32. Rhf1 f4 33. Be4 Kc7 34. Bg6 Rg8 35. Bf7 {[%emt 0:00:28] [#] Loses the game.} (35. Be4 $17 {was called for.}) 35... Rxg5 $1 36. hxg5 g3 {[%emt 0:02:31] White must now prevent ...h4.} 37. Rh1 (37. Be6) 37... h4 {[%emt 0:00:26] And now ...g2 would win.} 38. Rh3 f3 39. Ke3 Qf8 40. g6 Qc5+ (40... Qb4 $142 41. Kxf3 Qxe1 42. Kg4 g2 43. Kh5 g1=Q 44. Kh6 Qef1 45. Rh2 Qf6 46. Rg2 Qh8+ 47. Kg5 Qxg2+ 48. Kf5 Qf3+ 49. Kg5 Qhh5#) 41. Kd2 f2 {[%emt 0:03:12] Weighted Error Value: White=0.87/Black=0.31} (41... Qb4+ $142 42. Kd1 f2 43. Rhh1 g2 44. Be6 fxe1=Q+ 45. Rxe1 Qb1+ 46. Ke2 {[#]} Qxe1+ $3 47. Kxe1 g1=Q+ 48. Kd2 Qxg6 49. Bh3 Qg3 50. Be6 h3 51. Bxh3 Qxh3 52. a5 Qh2+ 53. Ke3 Qxc2 54. Ke4 Qe2+ 55. Kf5 Kd6 56. Kf6 Qxd3 57. Kf7 Qf5+ 58. Kg8 Ke6 59. a6 Qg4+ 60. Kh7 Kf7 61. axb7 Qh5#) 0-1

[Event "Croatian Championship 2022"]
[Site "Split"]
[Date "2022.12.03"]
[Round "5.6"]
[White "Kurajica, Bojan"]
[Black "Brkic, Ante"]
[Result "1/2-1/2"]
[ECO "D37"]
[WhiteElo "2487"]
[BlackElo "2610"]
[Annotator "TA"]
[PlyCount "74"]
[EventDate "2022.11.29"]
[EventType "tourn"]
[EventCountry "CRO"]
[SourceTitle "playchess.com"]
[Source "ChessBase"]
[SourceQuality "1"]
[TimeControl "40/5400+30:1800+30"]

1. d4 Nf6 2. Nf3 d5 3. c4 e6 4. e3 Be7 5. Nc3 O-O 6. a3 b6 7. cxd5 exd5 8. Bd3 {[%emt 0:02:46] D37: Queen's Gambit Declined: 5 Bf4.} c5 9. O-O {[%emt 0:02:21] [#]} c4 $146 ({Predecessor:} 9... cxd4 10. exd4 Bg4 11. Re1 Nc6 12. Bc2 Re8 13. Bg5 Qd7 14. Qd3 g6 15. Ne5 Nxe5 16. dxe5 Bf5 17. Qd2 Ne4 18. Bxe4 Bxg5 19. Qxd5 Qxd5 20. Bxd5 Rad8 21. Bb3 Bf4 {½-½ (21) Mukasa,P (1692)-Isiko,M (1649) Kampala 2018}) 10. Be2 Nc6 11. b3 cxb3 12. Qxb3 Bf5 (12... Bb7 $11) 13. Bb2 Rc8 14. Rac1 Bd6 15. Qa2 Na5 16. Ne5 (16. a4 {simplifies} Ne4 17. Ba6 Nxc3 18. Bxc3 Rc7 19. Bxa5 Rxc1 20. Rxc1 bxa5 21. Qb3) 16... Bb8 17. f4 Nc4 18. Nxc4 dxc4 19. Bxc4 Ng4 20. Rce1 {[%emt 0:03:07] [#]} (20. Nd1 $14 {stays ahead.}) 20... Qh4 (20... Bxf4 $1 $17 21. Rxf4 (21. Bxf7+ $2 Rxf7 22. exf4 Qxd4+ 23. Kh1 Nf2+ 24. Rxf2 Qxf2 $19) 21... Qh4) 21. h3 $11 Nf6 {[%emt 0:00:02][%cal Of5h3] Threatens to win with ...Bxh3!} 22. Bd5 ({Better is} 22. Re2 $11) 22... Nxd5 ({Black should play} 22... Qg3 $15 23. Re2 Bg4) 23. Qxd5 Bd3 24. Rf2 Qe7 (24... Qg3 $11 {keeps the balance.}) 25. Qf3 $16 Rfd8 (25... f5 $16) 26. Rd1 (26. Nd5 $18 Qd7 27. e4) 26... Bc4 {[%emt 0:00:04] [#]} 27. e4 $1 {[%emt 0:00:22][%cal Be3e4,Be4e5][%mdl 32] Prevents f5.} b5 28. e5 a5 29. Ne4 Bd5 {[%emt 0:00:47] And now ...f5 would win.} 30. Qe3 f5 31. Nc5 Ba7 32. Rc1 b4 33. Kh2 Rc6 34. Rfc2 Rdc8 (34... Rg6 $14) 35. axb4 axb4 36. Qf2 {[%emt 0:04:38] Inhibits Qh4.} (36. Qd2 $14) 36... Rg6 $11 37. Qe3 Rgc6 {[%emt 0:00:20] Weighted Error Value: White=0.24 (precise) /Black=0.22 (precise)} 1/2-1/2